AoeStats
← Pernobyl

Arabia

510314658Analyzed
1v1 RM · 3d ago on Sep 30, 2026· 30m 53s· 2 players
Game mode
Random Map
Map size
Tiny (2 player)
Population
200
Speed
Normal
Resources
Standard
Victory
Conquest
Starting age
Dark Age
Ending age
Imperial Age
RankedLock teamsTeams togetherTeam positionsShared explorationLock speedFull tech treeHidden civsTurbo modeCheats
Victory
Defeat
🇬🇧 Malay · United Kingdom
1284
+14
🇸🇪 Ethiopians · Sweden
1250
-14
Pernobyl
6:44 Loom
10:22 Feudal Age
10:48 Double-Bit Axe
12:08 Horse Collar
14:24 Fletching
16:34 Padded Archer Armor
18:50 Town Watch
21:38 Castle Age
21:16 Wheelbarrow
20:34 Gold Mining
22:24 Bodkin Arrow
22:42 Bow Saw
21:55 Crossbowman
22:03 Elite Skirmisher
23:09 Leather Archer Armor
25:03 Ballistics
25:35 Sanctity
29:10 Squires
29:24 Scale Mail Armor
29:34 Forging
Lord Lytton
6:50 Loom
10:09 Feudal Age
13:33 Double-Bit Axe
15:30 Horse Collar
20:59 Castle Age
20:00 Crossbowman
20:31 Fletching
22:04 Bodkin Arrow
22:14 Padded Archer Armor
22:52 Scale Barding Armor
27:13 Forging
27:19 Leather Archer Armor
29:49 Iron Casting
30:08 Ballistics
Connection lost

Rejoining the realm…

Still unreachable

The connection could not be restored.

Session expired

The server has moved on; the page needs a fresh start.